 Dungeon Crawl Stone Soup version 0.27.1-2-g3b301248ec (webtiles) character file.

Game seed: 18135360787273898343

565 DoubleLucky the Ruffian (level 7, -2/70 HPs)
             Began as a Troll Fighter on Oct 2, 2021.
             Was an Initiate of Qazlal.
             Frozen to death by an endoplasm (5 damage)
             ... on level 4 of the Dungeon.
             The game lasted 00:09:53 (2870 turns).

DoubleLucky the Ruffian (Troll Fighter)             Turns: 2870, Time: 00:09:54

Health: -2/70      AC:  4    Str: 26    XL:     7   Next: 10%
Magic:  6/6        EV:  8    Int:  5    God:    Qazlal [......]
Gold:   126        SH:  9    Dex:  9    Spells: 6/6 levels left

rFire    . . .     SeeInvis .     - Unarmed
rCold    . . .     Faith    .   b - +0 kite shield
rNeg     . . .     Spirit   .   a - +0 robe
rPois    .         Reflect  .   (helmet restricted)
rElec    .         Harm     .   (no cloak)
rCorr    .         Rampage  .   (gloves unavailable)
Will     .....                  (boots unavailable)
Stlth    +.........             (no amulet)
HPRegen  1.21/turn              (no ring)
MPRegen  0.10/turn              (no ring)

@: no status effects
A: large, unfitting armour, claws 3, regeneration 1, shaggy fur 1, tough skin 1
a: Renounce Religion


You were on level 4 of the Dungeon.
You worshipped Qazlal.
Qazlal was noncommittal.
You visited 2 branches of the dungeon, and saw 5 of its levels.

You collected 126 gold pieces.

Inventory:

Missiles
 d - 39 poisoned darts (quivered)
 e - 3 javelins
Armour
 a - a +0 robe (worn)
 b - a +0 kite shield (worn)
Jewellery
 l - an amulet of guardian spirit
Scrolls
 c - a scroll of amnesia {unknown}
 g - 2 scrolls of teleportation {unknown}
 j - a scroll of identify {unknown}
 n - 2 scrolls of vulnerability {unknown}
 o - a scroll of holy word {unknown}
Potions
 f - a potion of mutation {unknown}
 h - 2 potions of heal wounds {unknown}
 i - 2 potions of attraction {unknown}
 k - 2 potions of resistance {unknown}


   Skills:
 + Level 4.1 Fighting
 + Level 2.5 Throwing
 - Level 2.4 Dodging
 + Level 4.1 Shields
 + Level 4.4 Unarmed Combat


You had 6 spell levels left.
You didn't know any spells.
Your spell library contained the following spells:

 Spells                   Type           Power      Damage    Failure   Level
 Slow                     Hex            0%         N/A       93%         2
 Confusing Touch          Hex            0%         N/A       99%         3
 Portal Projectile        Hex/Tloc       0%         N/A       99%         3
 Vampiric Draining        Necr           0%         2d6       99%         3
 Blade Hands              Tmut           0%         N/A       100%        5
 Excruciating Wounds      Necr           0%         N/A       100%        5


Dungeon Overview and Level Annotations

Branches:
Dungeon (4/15)             Temple (1/1) D:4

Altars:
Dithmenos
Elyvilon
Fedhas
Gozag
Kikubaaqudgha
Okawaru
Qazlal
Sif Muna
Wu Jian
Xom
Yredelemnul
Zin

Shops:
D:2 =*

Annotations:
D:4 1 transporter, Descartes's ghost, weakling FeDe


Innate Abilities, Weirdness & Mutations

You are too large for most types of armour.
You have claws for hands.
Your natural rate of healing is unusually fast.
You are covered in fur. (AC +1)
You have tough skin. (AC +1)


Message History

* * * LOW HITPOINT WARNING * * *
You feel sick. You block the adder's attack. You block the killer bee's attack.
The adder bites you but does no damage.
You feel sick. The killer bee barely misses you.
You scratch the killer bee.
The killer bee is almost dead.
You feel sick.
You are no longer poisoned.
You block the killer bee's attack. The killer bee stings you.
* * * LOW HITPOINT WARNING * * *
The killer bee stings you.
* * * LOW HITPOINT WARNING * * *
You are poisoned.
The killer bee poisons you!
You feel better. You block the killer bee's attack. The killer bee stings you.
* * * LOW HITPOINT WARNING * * *
You miss the killer bee.
The killer bee is almost dead.
The killer bee stings you.
* * * LOW HITPOINT WARNING * * *
The endoplasm barely misses you. The killer bee closely misses you.
You closely miss the killer bee.
The killer bee is almost dead.
The killer bee stings you but does no damage.
You block the endoplasm's attack.
The killer bee stings you but does no damage.
You miss the killer bee.
The killer bee is almost dead.
You block the killer bee's attack. The endoplasm freezes you.
You are frozen.
* * * LOW HITPOINT WARNING * * *
The killer bee barely misses you.
You miss the killer bee.
The killer bee is almost dead.
The killer bee stings you.
* * * LOW HITPOINT WARNING * * *
The endoplasm freezes you.
You are frozen.
You die...

#....##.###...........
###...##### #...........
##.......# ##...........
##....#.#.####...#........
#....####.##....##.#......
###............##..#......
#..#########..##..#......
#.##.......##.#..#..##...
#.#8.#..@#.8#....##......
###.#...#y#J..#...##.......
#...#....WS...#...####..[..
#..©#)..†©....#©..# ##.....
##..#$........#..####......
#..#...#.#...#....#..(....
##.#8.#...#.8#....).......
#.##©W.....##.#.#####....
#..#########......###....


You could see a killer bee, Descartes's ghost and an endoplasm.

Vanquished Creatures
  Sigmund (D:4)
  2 ogres (D:4)
  2 orc priests (D:4)
  A hound (D:4)
  Terence (D:3)
  An orc wizard (D:3)
  3 adders
  3 worms
  2 dart slugs
  8 orcs
  8 ball pythons
  6 endoplasms
  2 giant cockroaches
  3 goblins
  9 hobgoblins
  3 jackals (D:1)
  8 kobolds
  3 quokkas
  3 bats
  3 frilled lizards (D:3)
  5 rats
77 creatures vanquished.

Notes
Turn   | Place    | Note
-------+----------+-------------------------------------------
     0 | D:1      | DoubleLucky the Troll Fighter began the quest for the Orb.
     0 | D:1      | Reached XP level 1. HP: 22/22 MP: 0/0
   101 | D:1      | Reached XP level 2. HP: 29/29 MP: 1/1
   823 | D:2      | Found Wamumpoq's Assorted Antiques.
   843 | D:2      | Reached XP level 3. HP: 29/36 MP: 2/2
   940 | D:2      | Found Ijalat's Jewellery Emporium.
  1112 | D:2      | Found a faded altar of an unknown god.
  1363 | D:3      | Noticed Terence
  1371 | D:3      | Killed Terence
  1372 | D:3      | Reached XP level 4. HP: 45/45 MP: 3/3
  2105 | D:4      | Noticed an ogre
  2233 | D:4      | Reached XP level 5. HP: 44/53 MP: 4/4
  2291 | D:4      | Found a staircase to the Ecumenical Temple.
  2308 | Temple   | Entered the Ecumenical Temple
  2391 | Temple   | Became a worshipper of Qazlal Stormbringer
  2404 | D:4      | Killed an ogre
  2405 | D:4      | Reached skill level 1 in Throwing
  2435 | D:4      | Noticed Sigmund
  2443 | D:4      | Killed Sigmund
  2444 | D:4      | Reached XP level 6. HP: 59/62 MP: 5/5
  2481 | D:4      | Found a transporter.
  2481 | D:4      | Noticed Descartes's ghost (weakling FeDe)
  2489 | D:4      | Found a transporter.
  2589 | D:4      | Found a blossoming altar of Fedhas.
  2636 | D:4      | Reached XP level 7. HP: 56/70 MP: 6/6
  2652 | D:4      | Found a shadowy altar of Dithmenos.
  2870 | D:4      | HP: 3/70 [killer bee (6)]
  2870 | D:4      | Frozen to death by an endoplasm

Illustrated notes

Levels and vault maps discovered:
D:1:      heliophobic_arrival_henge, layout_basic
D:2:      layout_loops_cross, basic_ecumenical_altar, serial_shops,
          nicolae_shop_statue_plus, shop_fountains
D:3:      layout_basic, grunt_ministairs_10, uniq_terence
D:4:      layout_cave_pools, mainiacjoe_overflow_paths,
          overflow_temple_1_default, minmay_temple_entry_trees,
          gammafunk_ghost_arena, uniq_sigmund
Temple:   eino_temple_lava

Skill      XL: |  1  2  3  4  5  6 |
---------------+-------------------+-----
Fighting       | 3 4 |  4.1
Shields        | 3 4 |  4.1
Unarmed Combat | 3 4 |  4.4
Throwing       | 2 |  2.5
Dodging        | |  2.4

Action                   |  1- 3 |  4- 6 |  7- 9 || total
-------------------------+-------+-------+-------++-------
Melee: Unarmed           |    92 |   118 |    17 ||   227
  Use: Potion            |       |     1 |     1 ||     2
Armor: Robe              |    23 |    25 |    13 ||    61
Dodge: Dodged            |    27 |    32 |    18 ||    77
Block: Kite shield       |    37 |    46 |    18 ||   101
